[Event "Team 45 45 League T53"]
[Site "Internet Chess Club"]
[Date "2012.06.16"]
[Round "5"]
[White "spongenotbob"]
[Black "subterfuge"]
[Result "0-1"]
[WhiteElo "1707"]
[BlackElo "1707"]
[Opening "Nimzo-Indian: three knights variation"]
[ECO "E21"]
[Time "17:00:47"]
[TimeControl "2700+45"]

1. d4 Nf6 2. c4 e6 3. Nc3 Bb4 4. Nf3 c5 5. e3 cxd4 6. exd4 d5 7. c5 Nc6 8. Bb5
Bd7 9. O-O O-O 10. Bg5 b6 11. Ne2 bxc5 12. a3 Ba5 13. dxc5 Bc7 14. Bxf6 gxf6 15.
Qa4 Rc8 16. Kh1 Ne5 17. Bxd7 Nxd7 18. b4 Bb8 19. Rfd1 Kh8 20. Nfd4 Qc7 21. Ng3
Rg8 22. Nb5 Qe5 23. Nd6 Bxd6 24. Qxd7 Rcd8 25. Qxf7 Rg7 26. Qh5 Rg5 27. Qh3 Bb8
28. Re1 Qb2 29. Qxe6 Be5 30. Qe7 Rdg8 31. Rf1 Qb3 32. c6 Bxa1 33. Rxa1 Qc3 34.
Re1 Qxc6 35. Re6 Qc1+ 36. Re1 Qf4 37. Kg1 Re5 38. Rxe5 fxe5 39. h3 Rf8 40. Qxa7
d4 41. b5 Qxf2+ 42. Kh2 Rg8 {White resigns} 0-1

[Event "Team 45 45 League T53"]
[Site "Internet Chess Club"]
[Date "2012.06.13"]
[Round "5"]
[White "radiohead"]
[Black "drsigmund1"]
[Result "0-1"]
[WhiteElo "1382"]
[BlackElo "1513"]
[Opening "French: advance, Euwe variation"]
[ECO "C02"]
[Time "21:01:29"]
[TimeControl "2700+45"]

1. e4 e6 2. d4 d5 3. e5 c5 4. c3 Nc6 5. Nf3 Bd7 6. a3 f6 7. exf6 Nxf6 8. Be2 Qc7
9. b4 b6 10. Be3 c4 11. O-O Bd6 12. h3 O-O 13. Nbd2 Nh5 14. Ne5 Nxe5 15. Bxh5
Nd3 16. Be2 Rf6 17. Nf3 Nf4 18. Qd2 Raf8 19. Ne5 Bxe5 20. dxe5 Qxe5 21. Bd4
Nxe2+ 22. Kh1 Qh5 23. Bxf6 Rxf6 24. Rae1 Nf4 25. Rg1 Nxh3 26. Qe2 Nxf2# {White
checkmated} 0-1

[Event "Team 45 45 League T53"]
[Site "Internet Chess Club"]
[Date "2012.06.14"]
[Round "5"]
[White "sdcohle"]
[Black "chips"]
[Result "1-0"]
[WhiteElo "1390"]
[BlackElo "1206"]
[Opening "King's Indian: 5.Nf3"]
[ECO "E90"]
[Time "22:22:22"]
[TimeControl "2700+45"]

1. d4 Nf6 2. c4 g6 3. Nc3 Bg7 4. e4 d6 5. Nf3 O-O 6. h3 a6 7. Bd3 Re8 8. O-O e5
9. Bg5 Nbd7 10. Nd5 h6 11. dxe5 dxe5 12. Bxf6 Nxf6 13. Rc1 c6 14. Nb4 a5 15. Nc2
Qb6 16. b3 Qc7 17. c5 b5 18. Qe2 Nd7 19. Ne3 Bf8 20. Ng4 h5 21. Ne3 Nxc5 22. Bb1
Ba6 23. Rfd1 b4 24. Nc4 Bxc4 25. Rxc4 Rad8 26. Rdc1 Qb6 27. Kh2 Qb5 28. Qe3 Kh7
29. Rxc5 Bxc5 30. Rxc5 Qb6 31. Qc1 f6 32. Qc4 Rf8 33. Kg3 Kg7 34. Rxc6 Qb8 35.
Qe2 Rd6 36. Rc5 Qa8 37. Rb5 Rf7 38. Bd3 g5 39. Bc4 Rfd7 40. Bd5 Qa7 41. Qd2 h4+
42. Kh2 Rb6 43. Qe2 Qa6 44. Bc4 Rxb5 45. Bxb5 Qd6 46. Bxd7 Qxd7 47. Qd2 Qc7 48.
g3 hxg3+ 49. fxg3 Qc3 50. Kg2 Kg6 51. g4 Qc5 52. Qf2 Qb5 53. Qc2 Kh6 54. Qc4 Qd7
55. Qd5 Qa7 56. Qg8 a4 57. Qh8+ Kg6 58. Qg8+ Kh6 59. Qf8+ Kg6 60. Qe8+ Kh6 61.
bxa4 Qb6 62. Qb5 Qe3 63. Qxb4 Qe2+ 64. Kg3 Qxa2 65. a5 Qa1 66. Qb6 Kg7 67. Qc7+
Kg6 68. Qc5 Kg7 69. Qb6 Qc1 70. Qb7+ Kg6 71. a6 Qf4+ 72. Kf2 Qc1 73. a7 Qc5+ 74.
Kg3 Qc1 75. a8=Q Qf4+ 76. Kf2 {Black resigns} 1-0

[Event "Team 45 45 League T53"]
[Site "Internet Chess Club"]
[Date "2012.06.17"]
[Round "5"]
[White "room-matt"]
[Black "parpin"]
[Result "0-1"]
[WhiteElo "1752"]
[BlackElo "1943"]
[Opening "French: Winawer, classical variation"]
[ECO "C18"]
[Time "03:38:24"]
[TimeControl "2700+45"]

1. d4 d5 2. Nc3 e6 3. e4 Bb4 4. e5 c5 5. a3 Bxc3+ 6. bxc3 Qc7 7. Nf3 Nc6 8. Be2
Nge7 9. O-O Bd7 10. a4 cxd4 11. cxd4 Nb4 12. c3 Nbc6 13. Bd3 Na5 14. Bd2 Nc4 15.
Qb3 Nxd2 16. Nxd2 O-O 17. Qc2 Ng6 18. Rfc1 Qd8 19. c4 Rc8 20. c5 b6 21. Nb3 Qe8
22. Qa2 Qe7 23. Ba6 Rc6 24. cxb6 axb6 25. a5 Qb4 26. Rcb1 bxa5 27. Qxa5 Qxa5 28.
Rxa5 Rb6 29. Bd3 Rfb8 30. Bc2 Rb4 31. Nd2 Rxb1+ 32. Bxb1 Nf4 33. Kf1 Bb5+ 34.
Ke1 Nxg2+ 35. Kd1 Nf4 36. Ra3 g5 37. f3 Rc8 38. Nb3 Ne2 39. Kd2 Rc3 40. Bc2 Rxf3
{White resigns} 0-1

[Event "Team 45 45 League T53"]
[Site "Internet Chess Club"]
[Date "2012.06.19"]
[Round "5"]
[White "Dracoac"]
[Black "bayoumicardio10"]
[Result "1-0"]
[WhiteElo "1814"]
[BlackElo "1647"]
[Opening "English opening"]
[ECO "E61"]
[Time "21:01:39"]
[TimeControl "2700+45"]

1. Nf3 Nf6 2. c4 g6 3. Nc3 Bg7 4. d4 O-O 5. Bf4 d6 6. e3 Nbd7 7. Be2 c5 8. O-O
cxd4 9. exd4 Nb6 10. Qb3 Be6 11. d5 Bf5 12. Be3 Bd7 13. a4 Ng4 14. a5 Nxe3 15.
fxe3 Nc8 16. Qxb7 Nb6 17. axb6 Rb8 18. Qxa7 Rxb6 19. Ra2 e6 20. Qa3 exd5 21.
Nxd5 Rb8 22. Qxd6 Re8 23. b4 Bf8 24. Qxd7 {Black resigns} 1-0

[Event "Team 45 45 League T53"]
[Site "Internet Chess Club"]
[Date "2012.06.18"]
[Round "5"]
[White "Hal2001"]
[Black "ScotchYeti"]
[Result "1-0"]
[WhiteElo "1646"]
[BlackElo "1629"]
[Opening "Sicilian: closed"]
[ECO "B23"]
[Time "14:01:21"]
[TimeControl "2700+45"]

1. e4 c5 2. Nc3 e6 3. f4 d5 4. Nf3 dxe4 5. Nxe4 Nc6 6. Bb5 Bd7 7. O-O Nf6 8. d3
Be7 9. Qe2 O-O 10. Kh1 Qc7 11. h3 Rfe8 12. Qf2 a6 13. Bxc6 Qxc6 14. Nxf6+ Bxf6
15. Ne5 Qd6 16. Nxd7 Qxd7 17. Qxc5 Bd4 18. Qh5 b5 19. c3 Ba7 20. Qf3 Rad8 21. d4
b4 22. Bd2 bxc3 23. bxc3 Rb8 24. Rab1 Qa4 25. Rxb8 Rxb8 26. f5 exf5 27. Qf4 Qxa2
28. Qxf5 Qc4 29. d5 Rb5 30. Qxf7+ Kh8 31. Qf8# {Black checkmated} 1-0

[Event "Team 45 45 League T53"]
[Site "Internet Chess Club"]
[Date "2012.06.14"]
[Round "5"]
[White "AlexMano"]
[Black "barbak"]
[Result "0-1"]
[WhiteElo "1743"]
[BlackElo "1935"]
[Opening "Queen's pawn, Mason variation, Steinitz counter-gambit"]
[ECO "D00"]
[Time "15:00:58"]
[TimeControl "2700+45"]

1. d4 d5 2. Bf4 c5 3. e3 Nc6 4. c3 Nf6 5. Nf3 Bf5 6. Nbd2 Qb6 7. Qb3 c4 8. Qxb6
axb6 9. Be2 e6 10. Ne5 b5 11. Ndf3 Nxe5 12. Nxe5 b4 13. Kd2 Be7 14. h3 h6 15. f3
O-O 16. g4 Bh7 17. h4 Rfc8 18. h5 bxc3+ 19. bxc3 Ra3 20. g5 hxg5 21. Bxg5 Rca8
22. Rag1 Rxa2+ 23. Ke1 Rc2 24. Nd7 Nxd7 25. Bxe7 Raa2 26. Rh2 Bd3 27. h6 Rxe2+
28. Rxe2 Rxe2+ 29. Kd1 g6 {White resigns} 0-1

[Event "Team 45 45 League T53"]
[Site "Internet Chess Club"]
[Date "2012.06.17"]
[Round "5"]
[White "tsia68"]
[Black "BuddyT"]
[Result "1-0"]
[WhiteElo "1823"]
[BlackElo "1829"]
[Opening "English: Caro-Kann defensive system"]
[ECO "A11"]
[Time "09:03:55"]
[TimeControl "2700+45"]

1. c4 c6 2. g3 Nf6 3. Bg2 d5 4. Nf3 Bf5 5. cxd5 cxd5 6. Qb3 b6 7. d3 Nc6 8. Bf4
Rc8 9. O-O d4 10. Ng5 e6 11. Qb5 Qd7 12. Rc1 Bc5 13. Ne4 Bxe4 14. dxe4 e5 15.
Bd2 O-O 16. Na3 Nb8 17. Qxd7 Nbxd7 18. Nc2 b5 19. Ne1 Bb6 20. Nd3 Nc5 21. f3
Nxd3 22. exd3 Nd7 23. Bh3 Rxc1+ 24. Rxc1 Nc5 25. Bf1 Na4 26. Rc2 Nc3 27. a3 a5
28. Kg2 Na4 29. Rc6 Rb8 30. b3 Nb2 31. Be2 b4 32. axb4 a4 33. bxa4 Nxa4 34. Bd1
Nb2 35. Bc2 f6 36. Bc1 Nxd3 37. Bxd3 Bd8 38. b5 Ba5 39. Ba3 Kf7 40. Bc5 Ke8 41.
Ra6 Bd8 42. Ra7 Rc8 43. Bb4 Rc7 44. Rxc7 Bxc7 45. Bc5 Ba5 46. Kf1 Kd7 47. Ke2
Kc7 48. Kd1 h5 49. Kc2 h4 50. Kb3 Be1 51. gxh4 Bxh4 52. Ka4 Be1 53. Bb4 Bxb4 54.
Kxb4 Kb6 55. Bc2 g6 56. Bd3 {Black resigns} 1-0

[Event "Team 45 45 League T53"]
[Site "Internet Chess Club"]
[Date "2012.06.20"]
[Round "5"]
[White "AntonioMendonca"]
[Black "Duguesclin"]
[Result "1-0"]
[WhiteElo "1888"]
[BlackElo "1588"]
[Opening "French: advance, Nimzovich system"]
[ECO "C02"]
[Time "15:48:27"]
[TimeControl "2700+45"]

1. e4 e6 2. d4 d5 3. e5 c5 4. Nf3 Nc6 5. Bd3 cxd4 6. O-O Bc5 7. Bf4 Nge7 8. Nbd2
a6 9. a4 Na5 10. Rb1 Nec6 11. Ng5 Qc7 12. Nxh7 Nxe5 13. Qh5 Bd6 14. Nf6+ gxf6
15. Qxh8+ Ke7 16. Bg3 Rb8 17. Qg7 Bd7 18. Bh4 Rf8 19. Qxf6+ Ke8 20. b4 Nac6 21.
b5 Ne7 22. Bg3 Ng4 23. Qxd4 e5 24. Qa7 Nc8 25. Qa8 Ke7 26. bxa6 bxa6 27. Qxd5
Bc6 28. Qb3 a5 29. Ne4 f5 30. Bh4+ Kd7 31. Ng5 Rf6 32. Bxf5+ Ke8 33. Qg8+ Rf8
34. Bg6+ Ke7 35. Qe6+ {Black resigns} 1-0

[Event "Team 45 45 League T53"]
[Site "Internet Chess Club"]
[Date "2012.06.18"]
[Round "5"]
[White "Konstantinos"]
[Black "Terlizzi"]
[Result "0-1"]
[WhiteElo "1686"]
[BlackElo "1646"]
[Opening "Queen's gambit accepted"]
[ECO "D20"]
[Time "14:00:28"]
[TimeControl "2700+45"]

1. d4 d5 2. c4 dxc4 3. Nc3 Nf6 4. e3 e6 5. Bxc4 a6 6. Bd2 Be7 7. Nf3 O-O 8. O-O
b5 9. Bb3 Bb7 10. Rc1 Nbd7 11. Re1 c5 12. dxc5 Bxc5 13. Bc2 Qe7 14. Qe2 e5 15.
e4 Ng4 16. Be3 Nxe3 17. fxe3 Nf6 18. Nd5 Nxd5 19. exd5 Bxd5 20. Bxh7+ Kh8 21.
Bb1 Bb6 22. Kh1 e4 23. Nd4 Qg5 24. Rf1 f5 25. g3 Bxd4 26. exd4 e3+ 27. Kg1 f4
28. Qc2 Bg8 29. Qg6 Qxg6 30. Bxg6 f3 31. Be4 f2+ 32. Kg2 Rad8 33. Rc3 e2 {White
resigns} 0-1

[Event "Team 45 45 League T53"]
[Site "Internet Chess Club"]
[Date "2012.06.16"]
[Round "5"]
[White "Lucas"]
[Black "DARKwizard1"]
[Result "1-0"]
[WhiteElo "2069"]
[BlackElo "1986"]
[Opening "QGD: Tarrasch, Prague variation, Normal position"]
[ECO "A46"]
[Time "19:02:42"]
[TimeControl "2700+45"]

1. d4 Nf6 2. Nf3 e6 3. g3 d5 4. Bg2 c5 5. O-O Nc6 6. c4 Be7 7. Nc3 O-O 8. cxd5
exd5 9. dxc5 Bxc5 10. Bg5 Be6 11. Rc1 Be7 12. Nd4 Qb6 13. Nb3 Rad8 14. Na4 Qb5
15. Nac5 h6 16. Be3 d4 17. Bxc6 Qxc6 18. Nxd4 Qb6 19. Ncxe6 fxe6 20. Qb3 Qxb3
21. Nxb3 Nd5 22. Bc5 Rf7 23. Rfd1 Rdf8 24. f3 b6 25. Bxe7 Rxe7 26. Nd4 Kh7 27.
Rc6 Rf6 28. a3 Kg8 29. Kf2 e5 30. Rc8+ Kh7 31. Nc6 Rc7 32. Rxc7 Nxc7 33. Nxe5
Re6 34. Nc4 Re7 35. e4 Ne6 36. Ne3 Rc7 37. Rd2 Rc1 38. f4 Nc5 39. Kf3 Kg6 40. e5
Kf7 41. f5 g6 42. g4 h5 43. h3 Rh1 44. e6+ Kg7 45. Kg2 Re1 46. Nd5 gxf5 47. gxf5
Re5 48. f6+ Kf8 49. e7+ Kf7 50. Nc7 Ne4 51. e8=Q+ Rxe8 52. Rd7+ {Black resigns}
1-0

[Event "Team 45 45 League T53"]
[Site "Internet Chess Club"]
[Date "2012.06.13"]
[Round "5"]
[White "quotha"]
[Black "badmove"]
[Result "0-1"]
[WhiteElo "1654"]
[BlackElo "1750"]
[Opening "Mieses opening"]
[ECO "A00"]
[Time "16:31:11"]
[TimeControl "2700+45"]

1. d3 d5 2. f4 g6 3. Nf3 Bg7 4. e3 Nf6 5. Be2 c5 6. O-O O-O 7. h3 Nc6 8. Nbd2 b6
9. Rb1 Nb4 10. a3 Na2 11. Rf2 Nh5 12. Nf1 Nxc1 13. Qxc1 Nf6 14. Ng3 Qc7 15. e4
dxe4 16. dxe4 Bb7 17. Qe3 e6 18. Rbf1 Rad8 19. c3 Qc6 20. Ne5 Qc7 21. Bf3 Nd7
22. Ng4 f5 23. Nh2 Bh6 24. exf5 exf5 25. Qe6+ Kh8 26. Bxb7 Qxb7 27. h4 Rf6 28.
Qe7 Bf8 29. Qxd8 Rd6 30. Nf3 Kg7 31. h5 Nf6 32. Rd2 Rxd8 33. Rxd8 Be7 34. Rd3 c4
35. Rdd1 Ng4 36. Rd2 Bc5+ 37. Nd4 Kh6 38. Re1 Qc7 39. Rf1 Qe7 40. Kh1 Qh4+
{White resigns} 0-1

[Event "Team 45 45 League T53"]
[Site "Internet Chess Club"]
[Date "2012.06.19"]
[Round "5"]
[White "Mobtaker"]
[Black "vigneshv"]
[Result "1/2-1/2"]
[WhiteElo "1703"]
[BlackElo "1526"]
[Opening "QGD semi-Slav: 5...Nd7"]
[ECO "D45"]
[Time "13:00:09"]
[TimeControl "2700+45"]

1. Nf3 e6 2. c4 d5 3. d4 Nf6 4. e3 c6 5. Nc3 Nbd7 6. b3 Bb4 7. Bd2 O-O 8. Bd3
Qe7 9. O-O e5 10. Bf5 e4 11. Ne1 Nb6 12. Bxc8 Rfxc8 13. c5 Bxc3 14. Bxc3 Nbd7
15. f3 exf3 16. Qxf3 Qe4 17. Bd2 Re8 18. Qh3 Qg4 19. Qxg4 Nxg4 20. Rf3 Re6 21.
Nd3 Rae8 22. Nf4 R6e7 23. Re1 Ngf6 {Game drawn by mutual agreement} 1/2-1/2

[Event "Team 45 45 League T53"]
[Site "Internet Chess Club"]
[Date "2012.06.20"]
[Round "5"]
[White "Svend24"]
[Black "Bonneville"]
[Result "1/2-1/2"]
[WhiteElo "1962"]
[BlackElo "1961"]
[Opening "Caro-Kann: Tartakower (Nimzovich) variation"]
[ECO "B15"]
[Time "15:02:36"]
[TimeControl "2700+45"]

1. e4 c6 2. d4 d5 3. Nc3 dxe4 4. Nxe4 Nf6 5. Nxf6+ exf6 6. Nf3 Bd6 7. Bc4 O-O 8.
O-O Re8 9. Re1 Rxe1+ 10. Nxe1 Nd7 11. c3 Nf8 12. Be3 Be6 13. Bxe6 {Game drawn by
mutual agreement} 1/2-1/2

[Event "Team 45 45 League T53"]
[Site "Internet Chess Club"]
[Date "2012.06.16"]
[Round "5"]
[White "pishd"]
[Black "viking99"]
[Result "0-1"]
[WhiteElo "1770"]
[BlackElo "1810"]
[Opening "King's Indian: London system"]
[ECO "A48"]
[Time "08:07:51"]
[TimeControl "2700+45"]

1. d4 Nf6 2. Nf3 g6 3. Bf4 Bg7 4. e3 d6 5. Be2 Nc6 6. h3 Bf5 7. O-O Qc8 8. c4 h6
9. Nc3 g5 10. Bg3 Bxh3 11. gxh3 Qxh3 12. Re1 O-O-O 13. d5 Nb8 14. Nb5 Rdg8 15.
Nxa7+ Kd8 16. Qb3 b6 17. Nd4 Ne4 18. Nac6+ Nxc6 19. Nxc6+ Ke8 20. Bf1 Qc8 21.
Qb5 Kf8 22. Kh2 f5 23. Nd4 Bxd4 24. exd4 h5 25. f3 Nxg3 26. Kxg3 h4+ 27. Kh2 g4
28. Re6 h3 29. Kh1 g3 30. Bd3 Qa8 31. Bxf5 Qxa2 32. Rae1 g2+ 33. Kh2 g1=Q+ 34.
Rxg1 Rxg1 35. Kxg1 h2+ {White resigns} 0-1

[Event "Team 45 45 League T53"]
[Site "Internet Chess Club"]
[Date "2012.06.15"]
[Round "5"]
[White "WillC"]
[Black "timothysmall56"]
[Result "1/2-1/2"]
[WhiteElo "1795"]
[BlackElo "1620"]
[Opening "Réti v Dutch"]
[ECO "A04"]
[Time "20:08:43"]
[TimeControl "2700+45"]

1. Nf3 f5 2. b3 d6 3. d4 Nf6 4. Bb2 g6 5. e3 c6 6. Be2 Bg7 7. Nbd2 O-O 8. c4
Nbd7 9. Qc2 Re8 10. O-O e5 11. dxe5 dxe5 12. e4 fxe4 13. Nxe4 Nxe4 14. Qxe4 Nf6
15. Qh4 e4 16. Rad1 Nd7 17. Qxd8 Rxd8 18. Nd4 Nf8 19. c5 Bxd4 20. Bxd4 Be6 21.
Be5 Rd5 22. Bd6 Rd8 23. Rfe1 b5 24. Rxd5 Bxd5 25. Rd1 Ne6 26. Bxb5 Bxb3 27. axb3
cxb5 28. b4 Nc7 29. Rd4 Ne8 30. Be5 Rxd4 31. Bxd4 Kf7 32. Be5 Ke6 33. Bf4 Kd5
34. Kf1 Kc4 35. c6 Kxb4 36. c7 Nxc7 37. Bxc7 a5 38. Ke2 a4 39. Kd2 Kb3 40. Kc1
a3 41. Kb1 a2+ 42. Ka1 b4 43. Bd6 Ka3 {Game drawn by mutual agreement} 1/2-1/2

[Event "Team 45 45 League T53"]
[Site "Internet Chess Club"]
[Date "2012.06.17"]
[Round "5"]
[White "Sir-Sinister"]
[Black "siddhu"]
[Result "1-0"]
[WhiteElo "1969"]
[BlackElo "1922"]
[Opening "Petrov: modern attack, Symmetrical variation"]
[ECO "C43"]
[Time "13:33:53"]
[TimeControl "2700+45"]

1. e4 e5 2. Nf3 Nf6 3. d4 Nxe4 4. dxe5 d5 5. Nbd2 Nxd2 6. Bxd2 c5 7. Bb5+ Bd7 8.
Bxd7+ Qxd7 9. O-O Be7 10. Bg5 Bxg5 11. Nxg5 h6 12. e6 fxe6 13. Nxe6 Kf7 14. Nxc5
Qc6 15. Qf3+ Kg6 16. Rfe1 Re8 17. Rxe8 Qxe8 18. Qd3+ Kf6 19. Qxd5 Nc6 20. Nxb7
Rb8 21. Nd6 Qd7 {Black resigns} 1-0

[Event "Team 45 45 League T53"]
[Site "Internet Chess Club"]
[Date "2012.06.15"]
[Round "5"]
[White "Twan709"]
[Black "Archdruid"]
[Result "0-1"]
[WhiteElo "1725"]
[BlackElo "1514"]
[Opening "Owen defense"]
[ECO "B00"]
[Time "22:42:46"]
[TimeControl "2700+45"]

1. e4 b6 2. d4 Bb7 3. Bd3 Nf6 4. Qe2 d6 5. Nf3 Nbd7 6. Bf4 h6 7. h3 g5 8. Bg3
Nh5 9. Bh2 Nf4 10. Bxf4 gxf4 11. d5 Rg8 12. O-O Bg7 13. c3 a6 14. Nbd2 b5 15.
Nb3 Be5 16. Na5 Qc8 17. a4 Nc5 18. axb5 Qxh3 19. Ne1 f3 {White resigns} 0-1

[Event "Team 45 45 League T53"]
[Site "Internet Chess Club"]
[Date "2012.06.24"]
[Round "5"]
[White "TwoEqualsOne"]
[Black "ddlj81"]
[Result "0-1"]
[WhiteElo "1688"]
[BlackElo "1795"]
[Opening "QGD Slav defense: exchange variation"]
[ECO "D10"]
[Time "19:04:20"]
[TimeControl "2700+45"]

1. d4 d5 2. c4 c6 3. cxd5 cxd5 4. Nc3 Nf6 5. Bf4 Nc6 6. e3 a6 7. Bd3 Qb6 8. Rb1
Nb4 9. Be2 Bf5 10. Rc1 e6 11. h3 Be7 12. Nf3 O-O 13. O-O Rac8 14. Qb3 Qc6 15.
Ne5 Qe8 16. a3 Nc6 17. Qxb7 Na5 18. Qxa6 Nb3 19. Rcd1 Bc2 20. Bb5 Ra8 21. Qb6
Qd8 22. Qxd8 Bxd8 23. Rde1 Ba5 24. Re2 Bf5 25. a4 Bxc3 26. bxc3 Ne4 27. Rb2 g5
28. Rxb3 gxf4 29. Rd1 fxe3 30. fxe3 Nd6 31. Nc6 Bc2 32. Rbb1 Bxd1 33. Rxd1 Kg7
34. Ra1 Nxb5 {White resigns} 0-1

[Event "Team 45 45 League T53"]
[Site "Internet Chess Club"]
[Date "2012.06.17"]
[Round "5"]
[White "crazyhorses"]
[Black "Gilguli"]
[Result "0-1"]
[WhiteElo "1483"]
[BlackElo "1497"]
[Opening "Latvian: Fraser defense"]
[ECO "C40"]
[Time "14:30:35"]
[TimeControl "2700+45"]

1. e4 e5 2. Nf3 f5 3. Nxe5 Nc6 4. Qh5+ g6 5. Nxg6 Nf6 6. Qh3 hxg6 7. Qxh8 Qe7 8.
d3 Nd4 9. Na3 fxe4 10. Be3 Qb4+ 11. Kd1 Qxb2 12. Qxf6 Qxa1+ 13. Bc1 Bxa3 14.
Qxg6+ Ke7 15. Qxe4+ Kd6 16. Qf4+ Kc6 17. g4 d5 18. Bg2 Bxg4+ 19. Kd2 Bb4+ 20.
Ke3 Re8+ 21. Be4 Nxc2# {White checkmated} 0-1

[Event "Team 45 45 League T53"]
[Site "Internet Chess Club"]
[Date "2012.06.16"]
[Round "5"]
[White "RedAttack"]
[Black "alexping"]
[Result "0-1"]
[WhiteElo "1870"]
[BlackElo "1930"]
[Opening "King's Indian: fianchetto without c4"]
[ECO "A49"]
[Time "11:05:33"]
[TimeControl "2700+45"]

1. d4 Nf6 2. Nf3 g6 3. g3 Bg7 4. Bg2 O-O 5. O-O d5 6. Nc3 b6 7. Bf4 c6 8. Ne5
Nh5 9. Qd2 Nxf4 10. Qxf4 Bb7 11. Rae1 f6 12. Nd3 e5 13. dxe5 fxe5 14. Qd2 e4 15.
Nc1 Qe7 16. Nb3 Nd7 17. f4 e3 18. Qd3 a5 19. Rf3 a4 20. Rxe3 Qd6 21. Nd4 Nc5 22.
Qd1 Qf6 23. Nf3 Rad8 24. Re5 Qd6 25. Rg5 h6 26. Rg4 Qe6 27. Bh3 Qe3+ 28. Kg2 d4
29. Nb1 Kh7 30. f5 g5 31. Qd2 Bc8 32. Qxe3 dxe3 33. Rb4 b5 34. g4 Rfe8 35. Nc3
Na6 36. Re4 Rxe4 37. Nxe4 Bxb2 38. c3 c5 39. Rb1 a3 40. Kf1 b4 41. cxb4 cxb4 42.
Bg2 b3 43. axb3 a2 44. Re1 a1=Q 45. Rxa1 Bxa1 46. Ne1 Rd1 {White resigns} 0-1

[Event "Team 45 45 League T53"]
[Site "Internet Chess Club"]
[Date "2012.06.16"]
[Round "5"]
[White "Beetlejuice"]
[Black "IceBox"]
[Result "1/2-1/2"]
[WhiteElo "1776"]
[BlackElo "1875"]
[Opening "Catalan: closed, 5.Nf3"]
[ECO "E06"]
[Time "09:01:31"]
[TimeControl "2700+45"]

1. d4 d5 2. Nf3 e6 3. c4 Be7 4. g3 Nf6 5. Bg2 O-O 6. O-O dxc4 7. Qc2 a6 8. Qxc4
b5 9. Qc2 Bb7 10. Bd2 Be4 11. Qc1 Nbd7 12. Bf4 Nd5 13. Nc3 Nxf4 14. Qxf4 Bb7 15.
Rfd1 Nf6 16. Ne5 Bxg2 17. Kxg2 Nd5 18. Qf3 Qe8 19. Nxd5 exd5 20. Qxd5 Rd8 21.
Qc6 Bf6 22. Qxe8 Rfxe8 23. f4 Bxe5 24. dxe5 Rxd1 25. Rxd1 f6 26. Rd5 fxe5 27.
fxe5 Kf7 28. Kf3 Ke6 29. Rd3 Rf8+ {Game drawn by mutual agreement} 1/2-1/2

[Event "Team 45 45 League T53"]
[Site "Internet Chess Club"]
[Date "2012.06.15"]
[Round "5"]
[White "Heian"]
[Black "MontanaSky"]
[Result "1/2-1/2"]
[WhiteElo "1761"]
[BlackElo "1741"]
[Opening "French: exchange variation"]
[ECO "C01"]
[Time "21:00:45"]
[TimeControl "2700+45"]

1. e4 e6 2. d4 d5 3. exd5 exd5 4. Nf3 Bd6 5. Bd3 Ne7 6. O-O O-O 7. h3 Nbc6 8. c3
Bf5 9. Re1 Bxd3 10. Qxd3 Ng6 11. Nbd2 Qd7 12. Nf1 Nce7 13. Ne5 Nxe5 14. dxe5 Bc5
15. Be3 Bxe3 16. Nxe3 Rad8 17. Rad1 c6 18. Ng4 Ng6 19. Qg3 Qc7 20. f4 Qe7 21.
Nf6+ gxf6 22. f5 Kh8 23. fxg6 fxg6 24. exf6 Qxf6 25. Rf1 Qe7 26. Rxf8+ Rxf8 27.
Re1 Qf6 28. Qe3 Kg7 29. Qxa7 Rf7 30. Qe3 Qf4 31. Qxf4 Rxf4 32. Re7+ Rf7 33.
Rxf7+ Kxf7 34. Kf2 Ke6 35. Ke3 Kd6 36. a4 c5 37. b4 b6 38. Kd3 Kc6 39. b5+ Kc7
40. c4 d4 41. Ke4 Kd6 42. h4 h6 43. g4 g5 44. h5 Ke6 45. Kf3 Kd6 46. Ke4 {Game
drawn by mutual agreement} 1/2-1/2

[Event "Team 45 45 League T53"]
[Site "Internet Chess Club"]
[Date "2012.06.17"]
[Round "5"]
[White "rubo"]
[Black "BrianWood"]
[Result "1/2-1/2"]
[WhiteElo "1714"]
[BlackElo "1456"]
[Opening "Bird's opening"]
[ECO "A02"]
[Time "21:00:46"]
[TimeControl "2700+45"]

1. f4 e6 2. Nf3 Nf6 3. e3 d5 4. b3 Be7 5. Bb2 c5 6. Bd3 Nc6 7. O-O Qc7 8. Ne5
Nxe5 9. Bxe5 Bd6 10. Nc3 a6 11. Bxd6 Qxd6 12. Rf3 e5 13. fxe5 Qxe5 14. Rg3 d4
15. exd4 Qxd4+ 16. Re3+ Be6 17. Ne2 Qd6 18. Ng3 O-O-O 19. Nf5 Bxf5 20. Bxf5+ Kb8
21. Rd3 Qe5 22. Rxd8+ Rxd8 23. Bd3 {Game drawn by mutual agreement} 1/2-1/2

[Event "Team 45 45 League T53"]
[Site "Internet Chess Club"]
[Date "2012.06.16"]
[Round "5"]
[White "Lucas"]
[Black "mcplayerus"]
[Result "0-1"]
[WhiteElo "2056"]
[BlackElo "2043"]
[Opening "King's Indian, 3.Nf3"]
[ECO "E60"]
[Time "08:01:43"]
[TimeControl "2700+45"]

1. d4 Nf6 2. Nf3 g6 3. c4 Bg7 4. b4 a5 5. b5 c6 6. a4 d5 7. c5 Bg4 8. Ne5 O-O 9.
b6 Nbd7 10. Bf4 Nxe5 11. Bxe5 Bh6 12. h3 Bf5 13. g4 Be4 14. Rg1 Nd7 15. Bc7 Qe8
16. Nc3 e5 17. Bd6 exd4 18. Qxd4 Bg7 19. Qd2 Ne5 20. Rc1 Nc4 21. Qd1 Nxd6 22.
cxd6 Rd8 23. e3 d4 24. exd4 Rxd6 25. Qe2 Bf3 26. Qxe8 Rxe8+ 27. Kd2 Bxd4 28. Kc2
Bxf2 {White resigns} 0-1

[Event "Team 45 45 League T53"]
[Site "Internet Chess Club"]
[Date "2012.06.18"]
[Round "5"]
[White "zozobob"]
[Black "abishek"]
[Result "1/2-1/2"]
[WhiteElo "2062"]
[BlackElo "1864"]
[Opening "French: Tarrasch"]
[ECO "C03"]
[Time "20:10:21"]
[TimeControl "2700+45"]

1. e4 e6 2. d4 d5 3. Nd2 dxe4 4. Nxe4 Nf6 5. Nxf6+ Qxf6 6. Nf3 h6 7. Bd3 Nc6 8.
c3 Bd6 9. O-O Bd7 10. Re1 O-O-O 11. b4 g5 12. b5 Ne7 13. Ne5 Ng6 14. Bxg6 fxg6
15. Nxd7 Rxd7 16. Qe2 Rf8 17. Bb2 Rdf7 18. f3 Qf4 19. g3 Qxf3 20. Qxf3 Rxf3 21.
Rxe6 Rf2 22. Re8+ Rxe8 23. Kxf2 h5 24. Rd1 h4 25. c4 c6 26. bxc6 bxc6 27. Bc1 g4
28. c5 Bc7 29. d5 hxg3+ 30. hxg3 Rf8+ 31. Kg2 cxd5 32. Rxd5 Rf5 33. Rxf5 gxf5
34. Be3 Be5 35. c6 a6 36. Bb6 f4 37. gxf4 Bxf4 38. a4 Bc7 39. Bf2 Kd8 40. Bg3
Bb6 41. Bd6 Bc7 42. Bg3 a5 43. Bh4+ Kc8 44. Bg3 Bd8 45. Bd6 Bh4 46. Be5 Kd8 47.
Bc3 Kc7 48. Bxa5+ Kxc6 49. Bd2 Bd8 50. Kg3 Kb7 51. Kxg4 Bb6 52. Kf5 Ka8 53. Ke6
Bg1 54. Kd6 Ba7 55. Bg5 Bg1 56. Kc6 Bh2 57. Bd8 Bg1 58. a5 Bf2 59. Bb6 Bg3 {Game
drawn by mutual agreement} 1/2-1/2

[Event "Team 45 45 League T53"]
[Site "Internet Chess Club"]
[Date "2012.06.15"]
[Round "5"]
[White "goktrenks"]
[Black "Killian"]
[Result "1-0"]
[WhiteElo "1888"]
[BlackElo "1982"]
[Opening "Queen's pawn game"]
[ECO "E10"]
[Time "13:00:35"]
[TimeControl "2700+45"]

1. d4 Nf6 2. c4 e6 3. Nf3 c5 4. g3 d5 5. Bg2 Nc6 6. O-O dxc4 7. Na3 cxd4 8. Nxc4
Be7 9. Bf4 O-O 10. Nfe5 Nxe5 11. Nxe5 Nh5 12. Bd2 Nf6 13. Bf4 Nh5 14. Bd2 Qc7
15. Nf3 Rd8 16. Qa4 Qd7 17. Qc4 b5 18. Qb3 Bb7 19. Ba5 Rdc8 20. Ne5 Qd6 21. Nxf7
Kxf7 22. Bxb7 Nf6 23. Bxa8 Rxa8 24. a3 Qd5 25. Qxd5 Nxd5 26. Bd2 a5 27. e4 Nb6
28. b3 Nd7 29. f3 Nc5 30. b4 Nb3 31. Rad1 Nxd2 32. Rxd2 axb4 33. axb4 Bxb4 34.
Rb2 Ra4 35. Rfb1 Bc3 36. Rxb5 Ra2 37. R5b3 Kf6 38. Rf1 Bd2 39. Rf2 Ra1+ 40. Rf1
Ra2 41. Rf2 Ra1+ 42. Kg2 Be3 43. Re2 g5 44. Rbxe3 dxe3 45. Rxe3 Ke5 46. Rd3 g4
47. fxg4 Kxe4 48. Rd7 h6 49. Rh7 Ra2+ 50. Kh3 e5 51. Rxh6 Ke3 52. g5 Ra7 53. Kg4
Re7 54. Kf5 e4 55. Kf6 Ra7 56. g6 Ra6+ 57. Kg5 Ra5+ 58. Kg4 Ra8 59. g7 Rg8 60.
Rg6 Kf2 61. Kh5 e3 62. Kh6 {Black resigns} 1-0